 Dungeon Crawl Stone Soup version 0.28-a0-43-g560ac104fe (webtiles) character file.

Game seed: 15276265142977638184

2532 robertstho the Ruffian (level 9, 0/88 HPs)
             Began as a Troll Berserker on July 28, 2021.
             Was an Elder of Trog.
             Splashed by a jelly's acid (5 damage)
             ... on level 6 of the Dungeon.
             The game lasted 00:06:59 (4381 turns).

robertstho the Ruffian (Troll Berserker)            Turns: 4381, Time: 00:07:00

Health: 0/88       AC: -19   Str: 28    XL:     9   Next: 30%
Magic:  8/8        EV:  7    Int:  5    God:    Trog [****..]
Gold:   231        SH: 15    Dex:  9    Spells: 8/8 levels left

rFire   . . .      SeeInvis .     - Unarmed
rCold   . . .      Faith    .   k - +0 tower shield
rNeg    . . .      Spirit   .   a - +0 animal skin
rPois   +          Reflect  .   (helmet restricted)
rElec   .          Harm     .   (no cloak)
rCorr   .          Rampage  .   (gloves unavailable)
Will    +....                   (boots unavailable)
Stlth   +.........              (no amulet)
HPRegen 1.24/turn               g - ring of poison resistance
MPRegen 0.11/turn               p - ring of willpower

@: corroded
A: large, unfitting armour, claws 3, regeneration 1, shaggy fur 1, tough skin 1
a: Renounce Religion, Berserk, Trog's Hand, Brothers in Arms


You were on level 6 of the Dungeon.
You worshipped Trog.
Trog was greatly pleased with you.
You visited 1 branch of the dungeon, and saw 8 of its levels.

You collected 231 gold pieces.

Inventory:

Armour
 a - a +0 animal skin (worn)
 k - a +0 tower shield (worn)
Jewellery
 g - a ring of poison resistance (left claw)
 p - a ring of willpower (right claw)
 w - an amulet of faith
Wands
 t - a wand of mindburst (9)
Scrolls
 c - a scroll of vulnerability {unknown}
 d - a scroll of fog
 e - a scroll of blinking
 h - 3 scrolls of teleportation
 j - a scroll of holy word {unknown}
 n - 2 scrolls of identify {unknown}
 q - a scroll of brand weapon {unknown}
 s - 2 scrolls of magic mapping
 v - a scroll of amnesia {unknown}
Potions
 b - a potion of curing
 f - a potion of flight {unknown}
 i - a potion of degeneration {unknown}
 l - 2 potions of ambrosia {unknown}
 m - 2 potions of brilliance {unknown}
 o - a potion of mutation {unknown}
 r - 2 potions of haste {unknown}
 u - 2 potions of attraction {unknown}


   Skills:
 * Level 5.1 Fighting
 * Level 4.4 Armour
 + Level 4.4 Dodging
 + Level 0.8 Stealth
 + Level 4.3 Shields
 + Level 7.4 Unarmed Combat


You had 8 spell levels left.
You didn't know any spells.
Your spell library was empty.

Dungeon Overview and Level Annotations

Branches:
Dungeon (8/15)             Temple (0/1) D:6            Lair (0/6) D:8

Altars:
Dithmenos
Trog

Shops:
D:5 [


Innate Abilities, Weirdness & Mutations

You are too large for most types of armour.
You have claws for hands.
Your natural rate of healing is unusually fast.
You are covered in fur. (AC +1)
You have tough skin. (AC +1)


Message History

You are too injured to fight recklessly!
You are too injured to fight recklessly!
You are too injured to fight recklessly!
Unknown command.
You scratch the jelly but do no damage. The acid corrodes you!
Your claws burn!
The jelly is heavily wounded.
You block the jelly's attack.
You scratch the jelly but do no damage.
Your claws burn!
The jelly is heavily wounded.
You block the jelly's attack.
You scratch the jelly but do no damage.
Your claws burn!
The jelly is heavily wounded.
You block the jelly's attack.
You scratch the jelly.
Your claws burn!
The jelly is heavily wounded.
The jelly barely misses you.
You scratch the jelly.
Your claws burn!
The jelly is almost dead.
You block the jelly's attack. The jelly closely misses you.
You scratch the jelly but do no damage. The acid corrodes you!
Your claws burn!
The jelly is almost dead.
The jelly hits you. The acid corrodes you!
You are splashed with acid!
* * * LOW HITPOINT WARNING * * *
You scratch the jelly but do no damage.
Your claws burn!
* * * LOW HITPOINT WARNING * * *
The jelly is almost dead.
The jelly hits you.
* * * LOW HITPOINT WARNING * * *
You are splashed with acid!
* * * LOW HITPOINT WARNING * * *
You scratch the jelly but do no damage.
Your claws burn!
* * * LOW HITPOINT WARNING * * *
The jelly is almost dead.
You block the jelly's attack.
You scratch the jelly but do no damage.
Your claws burn!
* * * LOW HITPOINT WARNING * * *
The jelly is almost dead.
The jelly barely misses you.
You scratch the jelly but do no damage.
Your claws burn!
You die...

# #........
#....#####..#.## #
#........ #.#.## ##...# #
####........ ##...# ###.#
###...........##..### ###
....†.............#######
......##########.........
##...## #..####### ##.#<#
#######..### ...#.#
#......@...# ####.#
#......†J..# # ...
#..........# # ...
#..........# ....#
#..>.......# .....
#...<......# .....#
...######### ##.


You could see a jelly.

Vanquished Creatures
  Pikel (D:5)
  A troll (D:8)
  Eustachio (D:5)
  An orc warrior (D:8)
  2 black bears (D:6)
  A hornet zombie (D:6)
  An ice beast (D:6)
  A sky beast (D:6)
  An ogre (D:6)
  A wolf (D:8)
  A phantom (D:5)
  A bullfrog (D:6)
  4 scorpions
  2 centaur zombies
  4 hounds
  A jelly (D:5)
  3 orc priests
  A bullfrog skeleton (D:6)
  A centaur skeleton (D:6)
  4 iguanas
  2 orc wizards (D:8)
  A howler monkey zombie (D:6)
  A howler monkey skeleton (D:3)
  3 adders
  A white imp (D:6)
  An adder zombie (D:1)
  2 adder skeletons (D:4)
  3 dart slugs (D:3)
  12 orcs
  4 bats
  3 endoplasms
  4 giant cockroaches
  2 goblins
  12 hobgoblins
  4 jackals (D:5)
  8 kobolds
  9 quokkas
  4 ball pythons
  A ball python zombie (D:1)
  15 frilled lizards
  A jackal skeleton (D:4)
  7 rats
133 creatures vanquished.

Vanquished Creatures (others)
  2 orcs (D:8)
  7 plants (D:5)
9 creatures vanquished.

Grand Total: 142 creatures vanquished

Notes
Turn   | Place    | Note
-------+----------+-------------------------------------------
     0 | D:1      | robertstho the Troll Berserker began the quest for the Orb.
     0 | D:1      | Reached XP level 1. HP: 22/22 MP: 0/0
    78 | D:1      | Reached XP level 2. HP: 29/29 MP: 1/1
   242 | D:1      | You fall into a shaft and drop 1 floor!
   299 | D:1      | Reached ** piety under Trog
   342 | D:1      | Reached XP level 3. HP: 33/36 MP: 2/2
  1515 | D:3      | Reached skill level 1 in Armour
  1564 | D:3      | Reached XP level 4. HP: 42/45 MP: 3/3
  1677 | D:3      | Found a faded altar of an unknown god.
  1700 | D:3      | Reached skill level 4 in Unarmed Combat
  2430 | D:4      | Noticed a scorpion
  2437 | D:4      | Killed a scorpion
  2438 | D:4      | Reached XP level 5. HP: 48/53 MP: 4/4
  2570 | D:4      | Reached *** piety under Trog
  2605 | D:4      | Reached skill level 1 in Shields
  2660 | D:4      | Reached XP level 6. HP: 36/61 MP: 5/5
  3005 | D:5      | Entered Level 5 of the Dungeon
  3055 | D:5      | Reached skill level 5 in Unarmed Combat
  3162 | D:5      | Found Soppatueci's Antique Armour Emporium.
  3199 | D:5      | Reached XP level 7. HP: 48/67 MP: 6/6
  3278 | D:5      | Noticed Pikel
  3280 | D:5      | Noticed Eustachio
  3292 | D:5      | Killed Pikel
  3293 | D:5      | Reached skill level 6 in Unarmed Combat
  3318 | D:5      | Killed Eustachio
  3319 | D:5      | Reached XP level 8. HP: 58/78 MP: 7/7
  3788 | D:6      | Found a shadowy altar of Dithmenos.
  3822 | D:6      | You fall into a shaft and drop 2 floors!
  3822 | D:8      | Found a staircase to the Lair.
  3858 | D:8      | Reached skill level 7 in Unarmed Combat
  3920 | D:8      | Noticed a troll
  3928 | D:8      | Killed a troll
  3931 | D:8      | Reached XP level 9. HP: 73/85 MP: 8/8
  3955 | D:8      | Found a bloodstained altar of Trog.
  3956 | D:8      | Noticed a moth of wrath
  4209 | D:6      | Reached skill level 5 in Fighting
  4268 | D:6      | Found a staircase to the Ecumenical Temple.
  4282 | D:6      | Reached **** piety under Trog
  4379 | D:6      | HP: 4/88 [acid (5)]
  4381 | D:6      | Splashed by a jelly's acid

Illustrated notes

Levels and vault maps discovered:
D:1:      saegor_arrival_fortress, layout_loops_ring
D:2:      layout_basic
D:3:      layout_loops_corners, portal_sewer_entry_f, serial_forest,
          infiniplex_forest_lined_room_2, infiniplex_forest_clump_curved,
          infiniplex_forest_lined_room_2, infiniplex_forest_straight_2,
          infiniplex_forest_zigzag_2, infiniplex_forest_end_3,
          infiniplex_forest_zigzag_1, infiniplex_forest_clump_tiny,
          ebering_ecumenical_altar_mist, minmay_cut_off
D:4:      layout_loops_ring, minivault_26
D:5:      layout_basic, serial_shops, shop, minmay_lizard_king, uniq_pikel,
          uniq_eustachio
D:6:      layout_rooms, mainiacjoe_overflow_small_starburst,
          minmay_temple_entry_tees
D:7:      layout_rooms, kennysheep_generic_room_5
D:8:      layout_loops_ring, tgw_trog, erik_lair_island

Skill      XL: |  1  2  3  4  5  6  7  8  9 |
---------------+----------------------------+-----
Armour         | 1 2 3 4 |  4.4
Fighting       | 3 4 5 |  5.1
Unarmed Combat | 4 5 6 7 |  7.4
Dodging        | 3 4 |  4.4
Shields        | 1 2 3 4 |  4.3
Stealth        | |  0.8

Action                   |  1- 3 |  4- 6 |  7- 9 || total
-------------------------+-------+-------+-------++-------
Melee: Unarmed           |   103 |   138 |   187 ||   428
       Punch             |     1 |       |       ||     1
Invok: Berserk           |       |     2 |     4 ||     6
       Trog's Hand       |       |     1 |     4 ||     5
  Use: Scroll            |       |       |     6 ||     6
       Potion            |       |       |     1 ||     1
Armor: Animal skin       |    27 |    43 |    51 ||   121
Dodge: Dodged            |    49 |    19 |    49 ||   117
Block: Tower shield      |    11 |    84 |   216 ||   311

Table legend: (Time is in decaauts)
 A = Elapsed time spent in this place.
 B = Non-inter-level travel time spent in this place.
 C = Inter-level travel time spent in this place.
 D = Time resting spent in this place.
 E = Time spent auto-exploring this place.
 F = Levels seen in this place.
 G = Mean time per level.
                   A        B        C        D        E       F      G
               +--------+--------+--------+--------+--------+-----+--------+
         Total |   4533 |   4290 |    243 |     81 |   3187 |   8 |  566.6 |
       Dungeon |   4533 |   4290 |    243 |     81 |   3187 |   8 |  566.6 |
               +--------+--------+--------+--------+--------+-----+--------+

Top non-repeatable levels by time:
     D:3: 912 daAuts
     D:1: 793 daAuts
     D:5: 758 daAuts
     D:4: 680 daAuts
     D:2: 673 daAuts
     D:8: 378 daAuts
     D:6: 332 daAuts
     D:7: 3 daAuts
